 Dungeon Crawl Stone Soup version 0.31-a0-819-gf6de2f5ab6 (webtiles) character file.

Game seed: 7525012602431516734

35 demibob the Poker (level 3, -8/29 HPs)
             Began as a Merfolk Chaos Knight on Sept 24, 2023.
             Was a Plaything of Xom.
             Mangled by a gnoll
             ... wielding a +0 whip
              (9 damage)
             ... on level 1 of the Dungeon.
             The game lasted 00:01:05 (990 turns).

demibob the Poker (Merfolk Chaos Knight)             Turns: 990, Time: 00:01:06

Health: -8/29      AC:  5    Str: 12      XL:     3   Next: 35%
Magic:  3/3        EV: 12    Int: 10 (11) God:    Xom [....*.]
Gold:   43         SH:  0    Dex: 15      Spells: 2/2 levels left

rFire   . . .        a - +0 spear (chaos)
rCold   . . .        (no shield)
rNeg    . . .        b - +2 leather armour
rPois   .            (no helmet)
rElec   .            (no cloak)
rCorr   .            (no gloves)
SInv    .            (no boots)
Will    .....        (no amulet)
Stlth   +            (no ring)
HPRegen 0.24/turn    (no ring)
MPRegen 0.08/turn

%: no passive effects
@: attractive
A: (nimble swimmer 2), mertail
a: Renounce Religion


You were on level 1 of the Dungeon.
You worshipped Xom.
You were a beloved toy of Xom.
You visited 1 branch of the dungeon, and saw 2 of its levels.

You collected 43 gold pieces.


Innate Abilities, Weirdness & Mutations

((You are very nimble when in or above water. (Stealth+, EV+, Speed+++)))
Your lower body shifts to a powerful aquatic tail in water.


   Skills:
 - Level 3.2 Fighting
 + Level 5.8 Polearms
 - Level 0.6 Armour
 - Level 2.6 Dodging


You had 2 spell levels left.
You didn't know any spells.
Your spell library was empty.

Inventory:

Hand Weapons
 a - a +0 spear of chaos (weapon)
Armour
 b - a +2 leather armour (worn)
Scrolls
 c - a scroll of butterflies
Potions
 e - 2 potions of invisibility
 g - a potion of curing {unknown}

Dungeon Overview and Level Annotations

Branches:
Dungeon (2/15)

Altars:

#.# ########..........
##.######......#.....#####
#.............[#.....#####
#########......#..........
#.......#....######
#.......#....# #.
#.......#....#####.
#g......##'###.....
#g@.....##.#.......
#...##.###.#.#.#.#.
#...##.# #.#.#.....
#...'..###.#.#.#.#.
#...#...##.#.###.#.
#...#...##.#.......
#####...'..#.###.##
#...########)##
#............##


You could see a gnoll and a goblin.


Message History

You reach to attack!
You hit the gnoll but do no damage. "Tag, you're it!"
Nothing appears to happen.
You are now a beloved toy of Xom.
The gnoll misses you.
The stone staircase leading up slides away as you move beside it!
The stone staircase leading up slides away as you move beside it!
The gnoll closely misses you. The gnoll misses you.
Found a stone staircase leading down.
The stone staircase leading up slides away as you move beside it!
The gnoll hits you from afar with a +0 halberd.
The gnoll barely misses you. The gnoll attacks as it pursues you!
The gnoll barely misses you.
The gnoll hits you from afar with a +0 halberd!
* * * LOW HITPOINT WARNING * * *
There is a stone staircase leading up, spattered with blood here.
The gnoll hits you with a +0 whip.
* * * LOW HITPOINT WARNING * * *
The gnoll hits you from afar with a +0 halberd.
* * * LOW HITPOINT WARNING * * *
The gnoll hits you from afar with a +0 spear.
* * * LOW HITPOINT WARNING * * *
The goblin misses you.
You climb upwards.
There is a stone staircase leading down here.
It was a potion of attraction.
You feel attractive to monsters.
Xom thinks this is hilarious!
The gnoll hits you with a +0 whip!
You die...

Skill      XL: |  1  2 |
---------------+-------+-----
Polearms       | 5 |  5.8
Fighting       | |  3.2
Armour         | |  0.6
Dodging        | |  2.6

Action                     || total
---------------------------++-------
  Melee: Spear             ||    83
         Punch             ||     1
    Use: Scroll            ||     2
         Potion            ||     1
   Stab: Sleeping          ||     2
 Armour: Leather armour    ||    30
  Dodge: Dodged            ||    33

Levels and vault maps discovered:
D:1:      zaba_arrival_water, layout_basic, nicolae_ecumenical_lake_church
D:2:      layout_rooms

Notes
Turn   | Place    | Note
-------+----------+-------------------------------------------
     0 | D:1      | demibob the Merfolk Chaos Knight began the quest for the
                  | Orb.
     0 | D:1      | Reached XP level 1. HP: 18/18 MP: 1/1
    89 | D:1      | XOM: silly message
   123 | D:1      | XOM: divination: detect creatures
   158 | D:1      | Reached XP level 2. HP: 24/24 MP: 2/2
   211 | D:1      | Reached skill level 5 in Polearms
   254 | D:1      | Found a faded altar of an unknown god.
   376 | D:1      | Reached XP level 3. HP: 28/29 MP: 3/3
   381 | D:1      | XOM: silly message
   466 | D:1      | XOM: stat loss: -1 Int (10/11)
   938 | D:2      | XOM: noise
   988 | D:2      | HP: 1/29 [gnoll/+0 spear (4)]
   990 | D:1      | Mangled by a gnoll

Vanquished Creatures
  A gnoll (D:1)
  3 endoplasms (D:1)
  A giant cockroach (D:1)
  2 goblins (D:1)
  3 hobgoblins (D:1)
  6 ball pythons (D:1)
  4 bats (D:1)
  A frilled lizard (D:1)
  2 kobolds (D:1)
  4 rats (D:1)
27 creatures vanquished.

Table legend: (Time is in decaauts)
 A = Elapsed time spent in this place.
 B = Non-inter-level travel time spent in this place.
 C = Inter-level travel time spent in this place.
 D = Time resting spent in this place.
 E = Time spent auto-exploring this place.
 F = Levels seen in this place.
 G = Mean time per level.
                   A        B        C        D        E       F      G
               +--------+--------+--------+--------+--------+-----+--------+
         Total |    966 |    880 |     86 |      3 |    733 |   2 |  483.0 |
       Dungeon |    966 |    880 |     86 |      3 |    733 |   2 |  483.0 |
               +--------+--------+--------+--------+--------+-----+--------+

Top non-repeatable levels by time:
     D:1: 956 daAuts
     D:2: 10 daAuts

Table legend:
 A = Non-vault XP
 B = Vault XP
 C = Vault XP percentage of total XP
 D = Non-vault monster count
 E = Vault monster count
 F = Vault count percentage of total count
                 A         B        C        D         E       F
            +---------+---------+-------+---------+---------+-------
      Total |      51 |       0 |   0.0 |      27 |       0 |   0.0
            +---------+---------+-------+---------+---------+-------
        D:1 |      51 |       0 |   0.0 |      27 |       0 |   0.0
            +---------+---------+-------+---------+---------+-------
